 Dungeon Crawl Stone Soup version 0.25.1-1-g288607f5aa (webtiles) character file.

Game seed: 11955722238411192741

580 funkygono the Shield-Bearer (level 7, -3/60 HPs)
             Began as a Minotaur Fighter on July 23, 2020.
             Slain by an orc warrior
             ... wielding a +0 glaive
              (13 damage)
             ... on level 4 of the Dungeon.
             The game lasted 00:07:23 (2873 turns).

funkygono the Shield-Bearer (Minotaur Fighter)      Turns: 2873, Time: 00:07:23

Health: -3/60      AC: 12    Str: 28    XL:     7   Next: 13%
Magic:  6/6        EV:  6    Int:  5    God:
Gold:   175        SH: 11    Dex: 16    Spells: 6/6 levels left

rFire    . . .     SeeInvis .   j - +2 mace (vorpal)
rCold    . . .     Gourm    .   c - +0 kite shield
rNeg     . . .     Faith    .   y - +0 plate armour
rPois    .         Spirit   .   (helmet restricted)
rElec    .         Reflect  .   t - scarf {repulsion}
rCorr    .         Harm     .   (no gloves)
MR       .....                  (no boots)
Stlth    ..........             (no amulet)
HPRegen  0.20/turn              p - +6 ring of strength
MPRegen  0.10/turn              z - +6 ring of dexterity

@: repel missiles
A: retaliatory headbutt, horns 2
a: no special abilities


You were on level 4 of the Dungeon.
You were not hungry.

You visited 1 branch of the dungeon, and saw 4 of its levels.

You collected 175 gold pieces.

Inventory:

Hand Weapons
 j - a +2 vorpal mace (weapon)
Missiles
 e - 123 stones (quivered)
 g - 59 sling bullets
 i - 25 arrows
 w - 5 bolts
Armour
 c - a +0 kite shield (worn)
 h - a +0 cloak
 t - a scarf of repulsion (worn)
 u - a +0 chain mail
 y - a +0 plate armour (worn)
Jewellery
 p - a +6 ring of strength (left hand)
 s - an uncursed ring of ice
 z - a +6 ring of dexterity (right hand)
Scrolls
 a - 4 scrolls of remove curse
 b - 4 scrolls of identify
 n - a scroll of amnesia
 o - 4 scrolls of teleportation
Potions
 d - a potion of might
 l - 2 potions of lignification
 m - 2 potions of haste
 q - 3 potions of flight
 r - 3 potions of heal wounds
 v - a potion of brilliance
 x - a potion of ambrosia {unknown}
Comestibles
 f - 8 rations
 k - a chunk of flesh


   Skills:
 + Level 4.6 Fighting
 + Level 6.0 Maces & Flails
 + Level 5.1 Armour
 + Level 1.6 Dodging
 + Level 6.3 Shields


You had 6 spell levels left.
You didn't know any spells.
Your spell library was empty.

Dungeon Overview and Level Annotations

Branches:
Dungeon (4/15)
 Temple: D:4-7

Altars:
Ru


Innate Abilities, Weirdness & Mutations

You reflexively headbutt those who attack you in melee.
You have a pair of horns on your head.


Message History

The orc warrior hits you with a +0 glaive!!
You hit the orc warrior but do no damage.
The orc warrior is lightly wounded.
You block the orc warrior's attack.
The orc throws a boomerang.
The boomerang is repelled.
The weapon returns to the orc!
Unknown command.
The orc warrior hits you with a +0 glaive!!
You hit the orc warrior but do no damage.
Your headbutt misses the orc warrior.
The orc warrior is lightly wounded.
You block the orc warrior's attack.
You hit the orc warrior but do no damage.
Your headbutt misses the orc warrior.
The orc warrior is lightly wounded.
The orc warrior hits you with a +0 glaive!
* * * LOW HITPOINT WARNING * * *
You hit the orc warrior.
The orc warrior is lightly wounded.
The orc warrior hits you with a +0 glaive!
You die...

#.####### #.......##
####.##..#..######
..................
#.#..#..#..#..#
##.########...#..#..#..#.
#...oo>o.....#..#..#..#..
#..#####oo..#..#..#..#..#
#@#....#..#..#..#.
#.###.............
#.##..#..######..#
#.##.##..# #...
#........# ####
#.##.##.## # #.. # ### #
.


You could see an orc warrior and 2 orcs.

Vanquished Creatures
  Sigmund (D:3)
  2 ogres
  A crimson imp (D:3)
  A hound (D:4)
  An orc wizard (D:2)
  5 adders
  An ooze (D:2)
  An adder skeleton (D:4)
  4 dart slugs
  4 leopard geckos
  6 orcs
  A ball python (D:2)
  5 bats (D:1)
  10 giant cockroaches (D:1)
  11 goblins
  6 hobgoblins
  4 jackals (D:3)
  A quokka (D:3)
  3 frilled lizards
  10 kobolds
  A quokka skeleton (D:4)
  4 rats
83 creatures vanquished.

Vanquished Creatures (others)
  An orc wizard (D:4)
1 creature vanquished.

Grand Total: 84 creatures vanquished

Notes
Turn   | Place    | Note
-------+----------+-------------------------------------------
     0 | D:1      | funkygono the Minotaur Fighter began the quest for the Orb.
     0 | D:1      | Reached XP level 1. HP: 19/19 MP: 0/0
   123 | D:1      | Reached XP level 2. HP: 27/27 MP: 1/1
   577 | D:1      | Reached XP level 3. HP: 33/33 MP: 2/2
  1421 | D:2      | Found a sacrificial altar of Ru.
  1429 | D:2      | Reached XP level 4. HP: 40/40 MP: 3/3
  1764 | D:3      | Reached skill level 1 in Dodging
  1765 | D:3      | Reached XP level 5. HP: 45/46 MP: 4/4
  1769 | D:3      | Reached skill level 5 in Shields
  1843 | D:3      | Noticed Sigmund
  1849 | D:3      | Killed Sigmund
  1849 | D:3      | Reached skill level 5 in Maces & Flails
  1849 | D:3      | Reached XP level 6. HP: 51/53 MP: 5/5
  2685 | D:4      | Reached skill level 5 in Armour
  2689 | D:4      | Reached XP level 7. HP: 57/60 MP: 6/6
  2873 | D:4      | Slain by an orc warrior

Illustrated notes

Levels and vault maps discovered:
D:1:      dpeg_arrival_prison, layout_loops_ring,
          chequers_serial_rivers_small_3, minmay_misc_feat_tiny,
          minmay_worlds_worst_comb
D:2:      layout_rooms, nicolae_ru_great_annihilating_truth, first_ration
D:3:      layout_basic, uniq_sigmund
D:4:      layout_loops_corners, trog_eyes_of_draining, serial_park_tiny_pond,
          minmay_misc_feat_diagonals

Skill      XL: |  1  2  3  4  5  6  7 |
---------------+----------------------+-----
Shields        | 4 5 6 |  6.3
Armour         | 4 5 |  5.1
Fighting       | 4 |  4.6
Maces & Flails | 3 5 6 |  6.0
Dodging        | 1 |  1.6

Action                   |  1- 3 |  4- 6 |  7- 9 || total
-------------------------+-------+-------+-------++-------
Melee: Flail             |    27 |       |       ||    27
       Headbutt          |     7 |    17 |     2 ||    26
       Mace              |    55 |    79 |    15 ||   149
  Use: Scroll            |     6 |     3 |       ||     9
 Stab: Paralysed         |       |     1 |       ||     1
  Eat: Chunk             |     2 |     4 |       ||     6
Armor: Scale mail        |    40 |     5 |       ||    45
       Chain mail        |       |    13 |       ||    13
       Plate armour      |       |     1 |     6 ||     7
Dodge: Dodged            |    26 |    13 |     1 ||    40
       Repelled          |       |     1 |     1 ||     2
Block: Kite shield       |    53 |    54 |    10 ||   117
